 Dungeon Crawl Stone Soup version 0.22.1-1-ga44c0e56f4 (webtiles) character file.

73 LLavrengius the Shield-Bearer (level 4, -2/29 HPs)
             Began as a Gargoyle Fighter on Sept 22, 2018.
             Killed by nerve-wracking pain
             ... invoked by an orc priest
              (4 damage)
             ... on level 3 of the Dungeon.
             The game lasted 00:10:26 (1591 turns).

LLavrengius the Shield-Bearer (Gargoyle Fighter)    Turns: 1591, Time: 00:10:26

Health: -2/29      AC: 14    Str: 20    XL:     4   Next: 27%
Magic:  4/4        EV:  3    Int:  9    God:
Gold:   146        SH: 14    Dex:  9    Spells: 3/3 levels left

rFire    + . .     SeeInvis .   a - +0 flail
rCold    x . .     Gourm    .   c - +0 shield
rNeg     + . .     Faith    .   x - +0 plate armour
rPois    ∞         Spirit   .   j - -2 helmet (curse)
rElec    +         Reflect  +   (no cloak)
rCorr    .         Harm     .   (no gloves)
MR       .....                  (no boots)
Stlth    ..........             t - +5 amulet of reflection
HPRegen  0.09/turn              q - ring of fire
MPRegen  0.09/turn              (no ring)

@: no status effects
A: negative energy resistance 1, electricity resistance, unbreathing,
petrification resistance, rot immunity, AC +3
a: no special abilities


You were on level 3 of the Dungeon.
You were not hungry.

You visited 1 branch of the dungeon, and saw 3 of its levels.

You collected 146 gold pieces.

Inventory:

Hand Weapons
 a - a +0 flail (weapon)
 o - a +5 whip
Missiles
 h - 31 sling bullets
 i - 8 curare-tipped needles
 k - 47 stones (quivered)
 n - 2 needles of sleeping
 r - 49 bolts
Armour
 b - a +0 scale mail
 c - a +0 shield (worn)
 j - a cursed -2 helmet (worn)
 x - a +0 plate armour (worn)
Jewellery
 q - a ring of fire (left hand)
 t - a +5 amulet of reflection (around neck)
 y - an uncursed ring of wizardry {unknown}
Scrolls
 e - a scroll of remove curse {unknown}
 l - a scroll of teleportation {unknown}
 m - 2 scrolls of amnesia {unknown}
 s - a scroll of identify {unknown}
 v - a scroll of fog {unknown}
Potions
 d - a potion of might
 g - a potion of flight {unknown}
 p - a potion of haste {unknown}
 w - a potion of magic {unknown}
Comestibles
 f - 4 rations
 u - 2 chunks of flesh


   Skills:
 + Level 3.9 Fighting
 + Level 2.7 Maces & Flails
 - Level 3.2 Armour
 * Level 4.5 Shields


You had 3 spell levels left.
You didn't know any spells.
Your spell library was empty.

Dungeon Overview and Level Annotations

Branches:
Dungeon (3/15)

Altars:


Innate Abilities, Weirdness & Mutations

You are resistant to torment.
Your stone body is resilient. (AC +3)
You are immune to poison.
You resist negative energy. (rN+)
You are resistant to electric shocks. (rElec)
You can survive without breathing.
You are immune to petrification.
You are immune to rotting.


Message History

Beogh smites you!
* * * LOW HITPOINT WARNING * * *
You hit the orc priest but do no damage.
The orc priest is lightly wounded.
You block the orc priest's attack.
You barely miss the orc priest.
The orc priest is lightly wounded.
You block the orc priest's attack.
Your plate armour prevents you from hitting the orc priest.
The orc priest is lightly wounded.
You block the orc priest's attack.
You closely miss the orc priest.
The orc priest is lightly wounded.
The orc priest looks encouraged for a moment.
You block the orc priest's attack.
You hit the orc priest.
The orc priest is moderately wounded.
The orc priest mumbles some strange prayers to Beogh against you.
Pain shoots through your body!
You die...

....# .# #.## ## ###.
.# ##.###.
.###.####..## ##.#.#
........#...##
#######.##
#....o.o..###...###.#
#.# #.###.##.# #.#
#.# #.##.#
#.#######.###....#
#o@..........#####
##############


You could see an orc priest.

Vanquished Creatures
  2 adders
  2 dart slugs (D:1)
  A leopard gecko (D:3)
  3 orcs (D:3)
  2 ball pythons
  8 bats
  3 giant cockroaches
  4 goblins
  4 jackals (D:1)
  5 frilled lizards
  6 kobolds
  5 rats
45 creatures vanquished.

Notes
Turn   | Place    | Note
-------+----------+-------------------------------------------
     0 | D:1      | LLavrengius the Gargoyle Fighter began the quest for the
                  | Orb.
     0 | D:1      | Reached XP level 1. HP: 14/14 MP: 1/1
   259 | D:1      | Reached XP level 2. HP: 16/19 MP: 2/2
   589 | D:1      | Reached XP level 3. HP: 23/23 MP: 3/3
   628 | D:1      | Reached skill level 4 in Shields
   972 | D:1      | You fall through a shaft!
  1136 | D:2      | You fall through a shaft!
  1505 | D:3      | Reached XP level 4. HP: 29/29 MP: 4/4
  1591 | D:3      | Killed from afar by an orc priest

Skill      XL: |  1  2  3 |
---------------+----------+-----
Shields        | 4 |  4.5
Fighting       | |  3.9
Maces & Flails | |  2.7
Armour         | |  3.2

Action                   |  1- 3 |  4- 6 || total
-------------------------+-------+-------++-------
Melee: Flail             |   177 |    36 ||   213
  Eat: Chunk             |     2 |     1 ||     3
Armor: Scale mail        |    92 |       ||    92
       Plate armour      |    14 |    11 ||    25
Dodge: Dodged            |    70 |     3 ||    73
Block: Shield            |   121 |    27 ||   148
